 Dungeon Crawl Stone Soup version 0.30-a0-381-g6ea064c7b4 (webtiles) character file.

Game seed: 12452917951217984487

2615 snetch the Covered (level 9, -3/78 HPs)
             Began as a Hill Orc Fighter on Dec 1, 2022.
             Was a Believer of Beogh.
             Slain by a vampire
             ... wielding a +2 vampiric halberd
              (10 damage)
             ... in a bailey.
             The game lasted 00:18:26 (5299 turns).

snetch the Covered (Hill Orc Fighter)               Turns: 5299, Time: 00:18:26

Health: -3/78      AC: 21    Str: 23    XL:     9   Next: 60%
Magic:  0/18       EV:  9    Int:  8    God:    Beogh [**....]
Gold:   225        SH:  0    Dex: 16    Spells: 8/8 levels left

rFire   . . .      SeeInvis .    c - +8 spear of the Hand {vorpal, +Blink rC+ Dex+6}
rCold   + + .      Faith    .    F - +0 buckler
rNeg    . . .      Spirit   +    M - +2 chain mail {rC+}
rPois   .          Reflect  .    G - +2 helmet
rElec   .          Harm     .    (no cloak)
rCorr   .          Rampage  .    g - +2 pair of gloves {Stlth+}
Will    .....      Rage     3%   (no boots)
Stlth   ..........               u - amulet of guardian spirit
HPRegen 0.33/turn                m - ring of magical power
MPRegen 0.16/turn                (no ring)

@: confused
A: hooves 1, iridescent scales 1, berserk 1
a: Renounce Religion, Evoke Blink, Smiting


You were in a bailey.
You worshipped Beogh.
Beogh was pleased with you.
You visited 2 branches of the dungeon, and saw 8 of its levels.
You also visited: Bailey.

You collected 385 gold pieces.
You spent 160 gold pieces at shops.

Inventory:

Hand Weapons
 a - a +4 war axe
 b - a +1 flail of protection
 c - the +8 spear of the Hand (weapon) {vorpal, +Blink rC+ Dex+6}
   (You took it off an orc on level 4 of the Dungeon)

   It inflicts extra damage upon your enemies.
   Dex:       It affects your dexterity (+6).
   rC:        It protects you from cold.
   +Blink:    It lets you blink.
 w - the +4 dagger of Unaeno {drain, Int+4}
   (You found it on level 2 of the Dungeon)

   A truly terrible weapon, it drains the life of any living foe it strikes.
   Int:       It affects your intelligence (+4).
 D - a +2 sling of flaming
 H - the +12 pair of quick blades "Gyre" and "Gimble" {protect}
   (You found it on level 5 of the Dungeon)

   It grants its wielder temporary protection when it strikes (+7 to AC).
Missiles
 f - 32 stones (quivered)
 v - 6 boomerangs
Armour
 g - a +2 pair of gloves of stealth (worn)
 y - a +0 scale mail
 F - a +0 buckler (worn)
 G - a +2 helmet (worn)
 I - a +2 robe of cold resistance
 L - an orb of light
 M - a +2 chain mail of cold resistance (worn)
Jewellery
 i - an amulet of reflection
 m - a ring of magical power (left hand)
 u - an amulet of guardian spirit (around neck)
Wands
 J - a wand of flame (13)
Scrolls
 h - 4 scrolls of poison {unknown}
 j - 7 scrolls of teleportation
 k - 7 scrolls of identify {unknown}
 o - 2 scrolls of amnesia {unknown}
 p - a scroll of magic mapping {unknown}
 q - a scroll of acquirement {unknown}
 t - a scroll of torment {unknown}
 z - a scroll of vulnerability
 A - a scroll of noise
 B - 3 scrolls of butterflies
 C - a scroll of fear
 K - a scroll of immolation {unknown}
Potions
 d - 2 potions of might
 e - 3 potions of mutation
 l - a potion of berserk rage {unknown}
 n - 2 potions of curing {unknown}
 r - a potion of brilliance {unknown}
 s - 2 potions of degeneration {unknown}
 x - 2 potions of heal wounds
 E - a potion of attraction {unknown}


   Skills:
 + Level 6.7 Fighting
 + Level 5.8(8.6) Axes
 + Level 4.2(5.3) Maces & Flails
 + Level 6.9(7.6) Polearms
 + Level 7.1 Armour
 + Level 2.4 Dodging
 + Level 2.1 Stealth
 + Level 5.2 Shields
 + Level 0.9 Evocations


You had 8 spell levels left.
You didn't know any spells.
Your spell library contained the following spells:

 Spells                   Type           Power      Damage    Failure   Level
 Beastly Appendage        Tmut           0%         N/A       98%         1
 Ensorcelled Hibernation  Hex/Ice        0%         N/A       99%         2
 Wereblood                Tmut           0%         N/A       99%         2
 Spider Form              Tmut/Pois      0%         N/A       100%        3
 Anguish                  Hex/Necr       0%         N/A       100%        4
 Summon Lightning Spire   Summ/Air       0%         N/A       100%        4
 Storm Form               Tmut/Air       0%         N/A       100%        7
 Maxwell's Capacitive Co  Air            0%         ∞         100%        8


Dungeon Overview and Level Annotations

Branches:
Dungeon (7/15)             Temple (1/1) D:5          Bailey (1/1)

Altars:
Ashenzari
Cheibriados
Dithmenos
Fedhas
Hepliaklqana
Makhleb
Nemelex Xobeh
Okawaru
Qazlal
Ru
Sif Muna
Uskayaw
Vehumet
Wu Jian
Xom
Yredelemnul
The Shining One

Shops:
D:3 ?


Innate Abilities, Weirdness & Mutations

You have large cloven feet.
You are partially covered in iridescent scales. (AC +2)
You sometimes lose your temper in combat.


Message History

Something bites you but does no damage.
You don't have enough magic at the moment.
You barely miss something. You hit something.
You hear some strange, mumbled words.
You are confused.
It was a potion of mutation.
You feel extremely strange.
Your feet thicken and deform.
Iridescent scales grow over part of your body.
You feel a little pissed off. Something hits you.
* * * LOW HITPOINT WARNING * * *
Something bites you.
* * * LOW HITPOINT WARNING * * *
Something draws strength from your injuries!
It was a potion of heal wounds.
You feel much better. Something hits you but does no damage.
Something bites you.
Something draws strength from your injuries!
Something hits you!
* * * LOW HITPOINT WARNING * * *
You're too confused to move!
Something hits you but does no damage.
You bump into the stone wall.
You feel less confused. Something hits you but does no damage.
There is a large open door here.
You see here a +0 mace.
You feel much better. Something hits you!
* * * LOW HITPOINT WARNING * * *
Something hits you.
* * * LOW HITPOINT WARNING * * *
Something bites you but does no damage.
There is a large open door here.
Found a potion of mutation.
You hear some strange, mumbled words.
You are confused.
There is a large open door here.
Something hits you.
* * * LOW HITPOINT WARNING * * *
Something hits you!
You die...

#.♣...).)...#....#..
#..♣........#))#'##'
##...........#).#....
#........#...####....
#.....).####....'....
#8.....##..##...'....
#########....#...#....
#.........)......#....
#....@....#......#'###
###''##...##....8#))#
##....##...#######..#
#......##.......8#..#
#...##...#8......8#..#
#..# ##..#############
#.. #..# #8. ...# ##!
}[##


There were no monsters in sight!

Vanquished Creatures
  A gargoyle (Bailey)
  Sigmund (D:5)
  2 water moccasins
  2 black bears
  2 ogres (D:5)
  2 scorpions (D:5)
  5 wights (D:7)
  7 vampire bats (Bailey)
  7 wolf zombies (Bailey)
  A crimson imp (D:5)
  2 orc priests
  4 hounds
  An iguana (D:4)
  Natasha (thrice) (D:2)
  3 orc wizards
  A mummy (D:4)
  5 adders
  3 gnolls (D:2)
  A shadow imp (D:6)
  2 white imps (D:5)
  An ufetubus (D:5)
  5 worms
  4 dart slugs
  17 orcs
  7 endoplasms
  2 giant cockroaches (D:1)
  5 hobgoblins
  7 kobolds
  5 quokkas
  4 ball pythons
  6 bats
  7 frilled lizards
  12 goblins
  A hobgoblin zombie (D:4)
  2 kobold zombies (D:4)
  18 orc zombies
  5 rats
163 creatures vanquished.

Vanquished Creatures (others)
  3 demonic plants (D:3)
  4 fungi (D:3)
  A plant (D:3)
  2 withered plants (D:3)
10 creatures vanquished.

Grand Total: 173 creatures vanquished

Notes
Turn   | Place    | Note
-------+----------+-------------------------------------------
     0 | D:1      | snetch the Hill Orc Fighter began the quest for the Orb.
     0 | D:1      | Reached XP level 1. HP: 19/19 MP: 1/1
   148 | D:1      | Reached XP level 2. HP: 27/27 MP: 2/2
   377 | D:1      | Reached XP level 3. HP: 33/33 MP: 3/3
   638 | D:5      | Entered Level 5 of the Dungeon
   638 | D:5      | Noticed a scorpion
   736 | D:4      | Reached XP level 4. HP: 32/40 MP: 4/4
   871 | D:2      | Noticed Natasha
   892 | D:2      | Killed Natasha
   893 | D:2      | Reached skill level 4 in Armour
   977 | D:2      | Reached XP level 5. HP: 47/47 MP: 5/5
   989 | D:2      | Found a basalt altar of Yredelemnul.
  1058 | D:2      | Noticed Natasha
  1068 | D:2      | Killed Natasha
  1165 | D:2      | Reached skill level 1 in Dodging
  1184 | D:2      | Reached skill level 5 in Axes
  1521 | D:2      | Identified the +4 dagger of Unaeno {drain, Int+4}
  1588 | D:2      | Noticed Natasha
  1593 | D:2      | Killed Natasha
  1854 | D:1      | Reached XP level 6. HP: 53/53 MP: 6/6
  2014 | D:3      | Found a faded altar of an unknown god.
  2453 | D:3      | Found Rato's Magic Scroll Boutique.
  2463 | D:3      | Bought a scroll of teleportation for 30 gold pieces
  2463 | D:3      | Bought a scroll of vulnerability for 40 gold pieces
  2463 | D:3      | Bought a scroll of noise for 10 gold pieces
  2463 | D:3      | Bought a scroll of butterflies for 40 gold pieces
  2463 | D:3      | Bought a scroll of fear for 40 gold pieces
  2509 | D:4      | Reached skill level 5 in Armour
  2915 | D:4      | Reached skill level 1 in Maces & Flails
  3077 | D:4      | Noticed a black bear
  3089 | D:4      | Killed a black bear
  3090 | D:4      | Reached XP level 7. HP: 42/60 MP: 7/7
  3182 | D:4      | Became a worshipper of Beogh the Brigand
  3422 | D:4      | Identified the +8 spear of the Hand {vorpal, +Blink rC+
                  | Dex+6}
  3525 | D:4      | Reached skill level 5 in Fighting
  3676 | D:5      | Found a staircase to the Ecumenical Temple.
  3685 | Temple   | Entered the Ecumenical Temple
  3921 | D:6      | Reached skill level 1 in Polearms
  3999 | D:5      | Found the +12 pair of quick blades "Gyre" and "Gimble"
                  | {protect}
  4157 | D:5      | Reached XP level 8. HP: 47/69 MP: 8/8
  4260 | D:5      | Found a sacrificial altar of Ru.
  4292 | D:5      | Noticed Sigmund
  4316 | D:5      | Killed Sigmund
  4317 | D:5      | Reached skill level 1 in Stealth
  4393 | D:5      | Reached * piety under Beogh
  4667 | D:6      | Reached skill level 6 in Armour
  4718 | D:7      | Reached skill level 5 in Polearms
  4718 | D:7      | Reached XP level 9. HP: 46/75 MP: 9/9
  4846 | D:7      | Found a flagged portal.
  4868 | Bailey   | Entered a bailey
  4997 | Bailey   | Reached ** piety under Beogh
  5055 | Bailey   | Reached skill level 5 in Shields
  5169 | Bailey   | Noticed a gargoyle
  5184 | Bailey   | Killed a gargoyle
  5185 | Bailey   | Reached skill level 7 in Armour
  5288 | Bailey   | Gained mutation: You have large cloven feet. [potion of
                  | mutation]
  5288 | Bailey   | Gained mutation: You are partially covered in iridescent
                  | scales. (AC +2) [potion of mutation]
  5288 | Bailey   | Gained mutation: You sometimes lose your temper in combat.
                  | [potion of mutation]
  5299 | Bailey   | Slain by a vampire

Illustrated notes

Levels and vault maps discovered:
D:1:      mrwooster_arrival_statue, layout_loops_corners
D:2:      layout_loops_ring, basic_altar, uniq_natasha
D:3:      layout_loops_corners, shapermc_ecumenical_altar_gd, serial_shops, shop
D:4:      layout_gridville, minmay_misc_feat_nine_boxes, dk_noncrumbling_3,
          minmay_mini_ossuary
D:5:      layout_gridville, kennysheep_mini_moat, minmay_temple_entry_overgrown,
          chequers_serial_rivers_small_b, minmay_fire_ice_demons, uniq_sigmund
D:6:      layout_loops_ring, minmay_misc_feat_tower
D:7:      layout_gridville, enter_bailey_5
Temple:   bh_familiar_temple
Bailey:   bailey_polearm_vampire_castle_hellmonk, bailey

Skill      XL: |  1  2  3  4  5  6  7  8  9 |
---------------+----------------------------+-----
Fighting       | 4 5 6 |  6.7
Axes           | 3 4 5 |  5.8
Armour         | 4 5 6 7 |  7.1
Dodging        | 1 2 |  2.4
Shields        | 4 5 |  5.2
Maces & Flails | 2 3 4 |  4.2
Polearms       | 1 5 6 |  6.9
Stealth        | 1 2 |  2.1
Evocations     | |  0.9

Action                   |  1- 3 |  4- 6 |  7- 9 || total
-------------------------+-------+-------+-------++-------
Melee: War axe           |    68 |   109 |       ||   177
       Flail             |       |    66 |    19 ||    85
       Spear             |       |       |   275 ||   275
Invok: Convert to Beogh  |       |       |     1 ||     1
       Smiting           |       |       |     1 ||     1
 Abil: Evoke Blink       |       |       |     2 ||     2
  Use: Potion            |       |       |     3 ||     3
 Stab: Sleeping          |       |       |     3 ||     3
Armor: Scale mail        |    41 |   107 |   117 ||   265
       Chain mail        |       |       |    17 ||    17
Dodge: Dodged            |    26 |    88 |    96 ||   210
Block: Buckler           |    21 |    56 |    72 ||   149

Table legend: (Time is in decaauts)
 A = Elapsed time spent in this place.
 B = Non-inter-level travel time spent in this place.
 C = Inter-level travel time spent in this place.
 D = Time resting spent in this place.
 E = Time spent auto-exploring this place.
 F = Levels seen in this place.
 G = Mean time per level.
                   A        B        C        D        E       F      G
               +--------+--------+--------+--------+--------+-----+--------+
         Total |   5368 |   5153 |    215 |      3 |   3288 |   9 |  596.4 |
       Dungeon |   4792 |   4589 |    203 |      3 |   2990 |   7 |  684.6 |
        Temple |    172 |    160 |     12 |      0 |    154 |   1 |  172.0 |
        Bailey |    403 |    403 |      0 |      0 |    144 |   1 |  403.0 |
               +--------+--------+--------+--------+--------+-----+--------+

Top non-repeatable levels by time:
     D:3: 982 daAuts
     D:2: 959 daAuts
     D:1: 905 daAuts
     D:4: 859 daAuts
     D:5: 814 daAuts
  Bailey: 403 daAuts
  Temple: 172 daAuts
     D:7: 172 daAuts
     D:6: 98 daAuts
